 Dungeon Crawl Stone Soup version 0.27.1-33-g824d729ab1 (webtiles) character file.

Game seed: 10059677757200026961

40 zeram the Sneak (level 3, -1/20 HPs)
             Began as a Deep Elf Brigand on Dec 10, 2021.
             Slain by an adder (2 damage)
             ... on level 2 of the Dungeon.
             The game lasted 00:02:41 (1499 turns).

zeram the Sneak (Deep Elf Brigand)                  Turns: 1499, Time: 00:02:44

Health: -1/20      AC:  3    Str:  8    XL:     3   Next: 30%
Magic:  5/5        EV: 12    Int: 16    God:
Gold:   66         SH:  0    Dex: 16    Spells: 2/2 levels left

rFire    . . .     SeeInvis .   a - +2 dagger
rCold    . . .     Faith    .   (no shield)
rNeg     . . .     Spirit   .   b - +0 robe
rPois    .         Reflect  .   (no helmet)
rElec    .         Harm     .   c - +0 cloak
rCorr    .         Rampage  .   (no gloves)
Will     .....                  (no boots)
Stlth    +++.......             (no amulet)
HPRegen  0.06/turn              (no ring)
MPRegen  0.09/turn              (no ring)

@: brilliant, lethally poisoned (-1 -> -3)
A: no striking features
a: no special abilities


You were on level 2 of the Dungeon.
You visited 1 branch of the dungeon, and saw 2 of its levels.

You collected 66 gold pieces.

Inventory:

Hand Weapons
 a - a +2 dagger (weapon)
Missiles
 d - 8 poisoned darts (quivered)
 e - 2 curare-tipped darts
 k - 3 atropa-tipped darts
Armour
 b - a +0 robe (worn)
 c - a +0 cloak (worn)
Scrolls
 f - a scroll of vulnerability {unknown}
 g - 2 scrolls of noise {unknown}
 i - a scroll of fear {unknown}
 j - a scroll of blinking {unknown}


   Skills:
 - Level 1.5 Fighting
 - Level 2.0 Short Blades
 - Level 2.0 Throwing
 + Level 1.5 Dodging
 - Level 6.3 Stealth
 * Level 0.2 Spellcasting


You had 2 spell levels left.
You didn't know any spells.
Your spell library was empty.

Dungeon Overview and Level Annotations

Branches:
Dungeon (2/15)

Altars:

Shops:
D:1 :   D:2 =


Message History

You hit the adder.
The adder is lightly wounded.
The adder bites you.
You closely miss the adder.
The adder is lightly wounded.
The adder bites you but does no damage.
You hit the adder.
The adder is moderately wounded.
The adder misses you.
You barely miss the adder.
The adder is moderately wounded.
The adder bites you.
You hit the adder but do no damage.
The adder is moderately wounded.
The adder bites you.
You are poisoned.
The adder poisons you!
You hit the adder but do no damage.
The adder is moderately wounded.
You feel sick. The adder bites you. The adder barely misses you.
You closely miss the adder.
The adder is moderately wounded.
You feel sick. The adder bites you.
* * * LOW HITPOINT WARNING * * *
It was a potion of brilliance.
You feel clever all of a sudden.
* * * LOW HITPOINT WARNING * * *
You feel sick. The adder closely misses you.
You don't know any spells.
You hit the adder.
The adder is severely wounded.
* * * LOW HITPOINT WARNING * * *
You feel sick. The adder closely misses you.
You hit the adder.
The adder is almost dead.
* * * LOW HITPOINT WARNING * * *
You feel sick. The adder bites you.
* * * LOW HITPOINT WARNING * * *
The adder bites you.
You die...

..........##....####.
.........##....# #.
#.#.....##....####.
#................#.
###.....##.......#.
#.....##.......#.
#.....##....#.#..
...#####.....##....#.#..
......S@.....##....#.#..
.......⌠.⌠...#.....# #..
.............# .........
........._.⌠.# .....
............## .....
.......⌠...⌠# .....
..........### ....
..........# ... ..


You could see an adder.

Vanquished Creatures
  2 dart slugs (D:2)
  4 ball pythons
  An endoplasm (D:1)
  2 giant cockroaches (D:1)
  4 goblins
  6 hobgoblins
  A quokka (D:1)
  4 bats
  2 frilled lizards (D:1)
  3 kobolds
  3 rats (D:1)
32 creatures vanquished.

Notes
Turn   | Place    | Note
-------+----------+-------------------------------------------
     0 | D:1      | zeram the Deep Elf Brigand began the quest for the Orb.
     0 | D:1      | Reached XP level 1. HP: 12/12 MP: 3/3
   137 | D:1      | Reached skill level 5 in Stealth
   249 | D:1      | Reached XP level 2. HP: 16/16 MP: 4/4
   491 | D:1      | Found Lueguc's Book Shoppe.
   655 | D:1      | Reached skill level 6 in Stealth
   882 | D:2      | Found Hiomufoh's Jewellery Shoppe.
   964 | D:2      | Reached XP level 3. HP: 13/20 MP: 5/5
  1483 | D:2      | Found a faded altar of an unknown god.
  1499 | D:2      | HP: 1/20 [adder (2)]
  1499 | D:2      | Slain by an adder

Illustrated notes

Levels and vault maps discovered:
D:1:      saegor_arrival_simple_d, layout_basic, serial_shops, shop_fountains,
          grunt_decor_junction
D:2:      layout_basic, serial_shops, shop, hellmonk_ecumenical_altar_run_dry,
          minmay_misc_feat_five

Skill      XL: |  1  2 |
---------------+-------+-----
Stealth        | 5 6 |  6.3
Fighting       | |  1.5
Short Blades   | |  2.0
Throwing       | |  2.0
Dodging        | |  1.5
Spellcasting   | |  0.2

Action                   || total
-------------------------++-------
Melee: Dagger            ||    96
  Use: Potion            ||     1
 Stab: Sleeping          ||    10
Armor: Robe              ||    24
Dodge: Dodged            ||    65
